Map: 버밀리언의 특종

Players

테라진

  • Race: Protoss Protoss
  • Spawn Location: 11:00

광물

  • Race: Terran Terran
  • Spawn Location: 11:00

VOD

Have the link to the VOD?

Description

Time

  • Played on: Aug. 19, 2017, 8:44 a.m.
  • Length: 25:38
Show
View Real Time Build Order
Export as new Build Order

테라진 Protoss 

Build Orders:  

Get SALT Encoding   

  12  0:02  Probe (Chrono Boost)  
  13  0:16  Probe (Chrono Boost)  
  14  0:26  Pylon  
  14  0:31  Probe (Chrono Boost)  
  15  0:50  Probe (Chrono Boost)  
  16  1:04  Probe (Chrono Boost)  
  17  1:16  Pylon  
  17  1:18  Probe (Chrono Boost)  
  18  1:32  Probe (Chrono Boost)  
  19  1:46  Probe (Chrono Boost)  
  20  1:59  Probe (Chrono Boost)  
  20  2:02  Nexus  
  21  2:14  Assimilator  
  21  2:15  Assimilator, Probe (Chrono Boost)  
  22  2:29  Probe (Chrono Boost)  
  22  2:37  Pylon  
  23  2:43  Probe (Chrono Boost)  
  24  2:57  Probe (Chrono Boost)  
  25  3:10  Pylon  
  25  3:11  Probe (Chrono Boost)  
  25  3:23  Gateway  
  25  3:25  Probe (Chrono Boost)  
  25  3:26  Pylon  
  26  3:39  Probe (Chrono Boost)  
  27  3:43  Probe (Chrono Boost)  
  28  3:53  Probe (Chrono Boost)  
  28  3:57  Probe (Chrono Boost)  
  30  4:06  Probe (Chrono Boost)  
  31  4:11  Probe (Chrono Boost)  
  32  4:20  Probe (Chrono Boost)  
  32  4:25  Probe (Chrono Boost)  
  34  4:38  Assimilator  
  34  4:39  Probe (Chrono Boost)  
  34  4:42  Cybernetics Core  
  34  4:44  Assimilator  
  34  4:47  Probe (Chrono Boost)  
  36  4:53  Probe (Chrono Boost)  
  37  5:01  Probe (Chrono Boost)  
  37  5:07  Probe (Chrono Boost)  
  39  5:14  Probe (Chrono Boost)  
  40  5:21  Probe (Chrono Boost)  
  40  5:28  Probe (Chrono Boost)  
  42  5:35  Probe (Chrono Boost)  
  43  5:40  Death Council  
  43  5:42  Probe (Chrono Boost)  
  43  5:49  Probe (Chrono Boost)  
  45  5:56  Probe (Chrono Boost)  
  46  6:02  Probe (Chrono Boost)  
  47  6:15  Pylon  
  47  6:16  Probe (Chrono Boost)  
  48  6:48  Gateway, Pylon  
  48  6:50  Pylon  
  48  7:20  Pylon  
  48  7:23  Ascendant Archives, Forge  
  48  7:25  Pylon  
  48  7:29  Gateway, Pylon  
  48  7:31  Gateway  
  48  7:32  Gateway  
  48  7:33  Gateway  
  48  7:36  Gateway x2  
  48  7:40  Pylon  
  48  7:44  Pylon  
  48  7:58  Pylon  
  48  8:08  Power Overwhelming  
  48  8:16  Imposing Presence (Chrono Boost)  
  48  8:17  Mothership  
  48  8:32  Warp Gate (Chrono Boost)  
  48  8:57  Mind Blast  
  48  9:42  Photon Cannon  
  48  9:46  Chaotic Attunement  
  48  9:54  Photon Cannon  
  48  9:56  Pylon  
  48  9:59  Photon Cannon  
  48  10:08  Ascendant x4  
  56  10:10  Supplicant x2  
  56  10:11  Supplicant x6  
  56  10:12  Pylon  
  56  10:16  Pylon  
  70  10:24  Pylon  
  70  10:28  Pylon  
  64  10:50  Ascendant  
  64  10:51  Ascendant x3  
  72  11:16  Photon Cannon  
  72  11:18  Photon Cannon  
  72  11:27  Photon Cannon  
  72  11:28  Ascendant  
  72  11:29  Ascendant x3  
  80  11:41  Ascendant x3  
  80  11:42  Ascendant  
  88  11:52  Photon Cannon  
  88  11:59  Photon Cannon  
  86  12:26  Supplicant x6  
  90  12:38  Supplicant x4  
  90  12:39  Supplicant x6  
  100  12:49  Ascendant x2  
  92  12:50  Ascendant  
  94  13:18  Supplicant x4  
  94  13:19  Supplicant x6  
  108  13:26  Mothership  
  104  13:35  Ascendant  
  104  13:37  Supplicant x4  
  94  14:11  Supplicant x4  
  94  14:12  Supplicant x10  
  114  14:42  Havoc x3  
  114  14:43  Havoc  
  114  14:47  Pylon  
  114  14:49  Pylon  
  118  14:51  Pylon  
  92  16:03  Supplicant x4  
  92  16:04  Supplicant x10  
  92  16:05  Supplicant x2  
  116  16:57  Probe  
  117  17:02  Supplicant x6  
  117  17:06  Cloaking Module  
  117  17:07  Blood Shields  
  121  17:14  Probe  
  108  17:30  Probe  
  97  17:51  Probe  
  94  18:06  Detect Weakness  
  94  18:07  Soul Augmentation  
  92  18:11  Supplicant x6  
  92  18:12  Supplicant x8  
  92  18:13  Supplicant x2  
  122  18:42  Mothership  
  122  18:43  Ascendant  
  122  18:45  Supplicant x8  
  122  18:46  Supplicant x4  
  122  18:48  Supplicant x2  
  124  19:24  Supplicant x2  
  124  19:25  Supplicant x10  
  124  19:26  Supplicant x2  
  152  19:36  Bloodshard Resonance  
  134  20:07  Supplicant x6  
  130  20:12  Pylon  
  108  20:46  Supplicant x6  
  108  20:47  Supplicant x8  
  108  20:48  Supplicant x2  
  118  21:26  Supplicant x8  
  118  21:27  Supplicant x4  
  118  21:28  Supplicant x2  
  118  21:29  Supplicant x2  
  128  22:08  Pylon  
  116  22:34  Pylon  
  92  23:14  Supplicant x8  
  92  23:15  Supplicant x8  
  120  23:42  Supplicant x2  
  120  23:43  Supplicant x8  
  120  23:44  Supplicant x4  
  120  23:45  Supplicant x2  
  150  24:17  Supplicant x2  
  150  24:18  Supplicant x6  
Show
View Real Time Build Order
Export as new Build Order

광물 Terran 

Build Orders:  

Get SALT Encoding   

  12  0:17  SCV  
  10  0:34  SCV  
Tags
 
Add a new tag
Caveats
  • Supply blocks, unpowered buildings, or Contaminate may cause inaccurate times.
  • Supply counts are checked every 10 seconds.